 Dungeon Crawl Stone Soup version 0.29-a0-1033-gb6c65ffae6 (webtiles) character file.

Game seed: 620493338664011468

58 xian the Shooter (level 3, 0/18 HPs)
             Began as a Spriggan Hunter on Aug 14, 2022.
             Killed from afar by Natasha (8 damage)
             ... with a magic dart
             ... on level 2 of the Dungeon.
             The game lasted 00:03:38 (1194 turns).

xian the Shooter (Spriggan Hunter)                  Turns: 1194, Time: 00:03:39

Health: 0/18       AC:  2    Str:  7    XL:     3   Next: 76%
Magic:  4/4        EV: 18    Int: 10    God:
Gold:   104        SH:  5    Dex: 20    Spells: 2/2 levels left

rFire   . . .      SeeInvis +   a - +0 shortbow
rCold   . . .      Faith    .   (shield currently unavailable)
rNeg    . . .      Spirit   .   c - +0 robe
rPois   .          Reflect  +   (helmet restricted)
rElec   .          Harm     .   (no cloak)
rCorr   .          Rampage  .   (gloves unavailable)
Will    .....                   (boots unavailable)
Stlth   ++........              g - amulet of reflection
HPRegen 0.06/turn               (no ring)
MPRegen 0.09/turn               (no ring)

@: very quick
A: very small, no large weapons, unfitting armour, see invisible, speed 3
a: no special abilities


You were on level 2 of the Dungeon.
You visited 1 branch of the dungeon, and saw 2 of its levels.

You collected 104 gold pieces.

Inventory:

Hand Weapons
 a - a +0 shortbow (weapon)
 e - a +0 short sword
Armour
 c - a +0 robe (worn)
Jewellery
 g - an amulet of reflection (around neck)
Scrolls
 b - a scroll of immolation
 f - a scroll of teleportation {unknown}
 h - a scroll of fear {unknown}
 i - 2 scrolls of identify {unknown}
 j - a scroll of noise {unknown}
 k - a scroll of blinking {unknown}
Potions
 d - a potion of attraction {unknown}
 l - a potion of brilliance {unknown}


   Skills:
 + Level 1.8 Fighting
 + Level 5.1 Ranged Weapons
 + Level 3.0 Dodging
 + Level 1.6 Stealth
 + Level 0.1 Shields


You had 2 spell levels left.
You didn't know any spells.
Your spell library contained the following spells:

 Spells                   Type           Power      Damage    Failure   Level
 Summon Small Mammal      Summ           0%         N/A       36%         1
 Call Canine Familiar     Summ           0%         N/A       75%         3
 Summon Guardian Golem    Hex/Summ       0%         N/A       75%         3
 Animate Dead             Necr           0%         N/A       98%         4
 Haunt                    Necr/Summ      0%         N/A       100%        7
 Infestation              Necr           0%         N/A       100%        8


Dungeon Overview and Level Annotations

Branches:
Dungeon (2/15)

Altars:

Annotations:
D:2 Natasha


Innate Abilities, Weirdness & Mutations

You are very small and have problems with some larger weapons.
You are too small for most types of armour.
You have supernaturally acute eyesight. (SInv)
You cover ground extremely quickly. (Speed+++)


Message History

You are too injured to fight recklessly!
You are too injured to fight recklessly!
Fire: a) +0 shortbow
Press: ? - help, Q - select action Shift-Dir - straight line, f/p - worm
Aim: a worm (severely wounded, 81% to hit)
You shoot an arrow. The arrow hits the worm!
You kill the worm!
Fire: a) +0 shortbow
Press: ? - help, Q - select action Shift-Dir - straight line, f - you Really target yourself?
Okay, then.
Fire: a) +0 shortbow
Press: ? - help, Q - select action Shift-Dir - straight line, f - you You shoot an arrow.
Unknown command.
Things that are here:
a +0 club; a goblin skeleton
Found a stone staircase leading down.
Found a stone staircase leading up.
Found a stone staircase leading up.
Natasha, Servant of Life and Death comes into view.
You shoot an arrow. The arrow hits Natasha.
Natasha is lightly wounded.
Natasha stares at you and mumbles some strange words.
The magic dart hits you!
Ouch! That really hurt!
You are too injured to fight recklessly!
You are too injured to fight recklessly!
You are too injured to fight recklessly!
You are too injured to fight recklessly!
You are too injured to fight recklessly!
Fire: a) +0 shortbow
Press: ? - help, Q - select action Shift-Dir - straight line, f/p - Natasha
Aim: Natasha (lightly wounded, 58% to hit)
You shoot an arrow. The arrow hits Natasha!
Natasha is severely wounded.
Natasha hisses.
Natasha stares at you and mumbles some strange words.
The magic dart hits you!
You die...

..###.....†...#.#..# #. #
...##..########.#. # #. #
...#..##....###.(. ####. .
...#.##......##.h# #.... #.
#....†........#..# ##.### #.
#.#..#........#..# #..#####...
#.#..#........#<.# ###.#......#.
#.#..#........#..####...#.######
#.#..##......##.@.....###.#
..#..###..).##....######..#
.###.# ######..#..# #.######. .
#.# #...#...# ####........
.......#.###.....#######
...#.........##.## #.
..####...#.8....# ###. #.
.....88..#######...
...................


You could see Natasha.

Vanquished Creatures
  An adder zombie (D:2)
  A worm (D:2)
  A dart slug (D:1)
  4 endoplasms (D:1)
  10 giant cockroaches (D:2)
  3 goblins
  2 hobgoblins (D:1)
  A quokka (D:2)
  3 ball pythons
  A ball python zombie (D:2)
  4 bats
  7 frilled lizards
  5 kobolds
  A quokka skeleton (D:2)
  6 rats
50 creatures vanquished.

Vanquished Creatures (others)
  2 withered plants (D:2)
2 creatures vanquished.

Grand Total: 52 creatures vanquished

Notes
Turn   | Place    | Note
-------+----------+-------------------------------------------
     0 | D:1      | xian the Spriggan Hunter began the quest for the Orb.
     0 | D:1      | Reached XP level 1. HP: 10/10 MP: 2/2
    19 | D:1      | Found a faded altar of an unknown god.
   198 | D:1      | Reached XP level 2. HP: 14/14 MP: 3/3
   508 | D:1      | You fall into a shaft and drop 1 floor!
   563 | D:2      | Reached XP level 3. HP: 10/18 MP: 4/4
   891 | D:2      | Reached skill level 5 in Ranged Weapons
  1192 | D:2      | Noticed Natasha
  1194 | D:2      | Killed from afar by Natasha

Illustrated notes

Levels and vault maps discovered:
D:1:      sevenhm_arrival_forest_fort_small_6, layout_rooms,
          ebering_ecumenical_altar_webs
D:2:      minmay_roachtagon, layout_rooms, serial_undead, serial_undead_c,
          serial_undead_f, serial_undead_e, serial_undead_e,
          corexii_hall_statues_l, uniq_natasha

Skill      XL: |  1  2  3 |
---------------+----------+-----
Dodging        | 3 |  3.0
Ranged Weapons | 5 |  5.1
Fighting       | |  1.8
Stealth        | |  1.6
Shields        | |  0.1

Action                   || total
-------------------------++-------
 Fire: Shortbow          ||   143
Armor: Robe              ||    11
Dodge: Dodged            ||    49
Block: Other             ||    21

Table legend: (Time is in decaauts)
 A = Elapsed time spent in this place.
 B = Non-inter-level travel time spent in this place.
 C = Inter-level travel time spent in this place.
 D = Time resting spent in this place.
 E = Time spent auto-exploring this place.
 F = Levels seen in this place.
 G = Mean time per level.
                   A        B        C        D        E       F      G
               +--------+--------+--------+--------+--------+-----+--------+
         Total |   1005 |   1005 |      0 |      0 |    747 |   2 |  502.5 |
       Dungeon |   1005 |   1005 |      0 |      0 |    747 |   2 |  502.5 |
               +--------+--------+--------+--------+--------+-----+--------+

Top non-repeatable levels by time:
     D:2: 614 daAuts
     D:1: 390 daAuts
